 Dungeon Crawl Stone Soup version 0.32-a0-391-gce5c0aab1b (webtiles) character file.

Game seed: 2006216095158545717

258886 Pooter the Severer (level 19, -2/270 HPs)
             Began as a Minotaur Berserker on Feb 18, 2024.
             Was a High Priest of Trog.
             Slain by Jeulolik's ghost (18 damage)
             ... on level 2 of the Snake Pit on Feb 19, 2024.
             The game lasted 04:02:49 (40069 turns).

Pooter the Severer (Minotaur Berserker)            Turns: 40069, Time: 04:02:50

Health: -2/270     AC: 18    Str: 29    XL:     19   Next: 26%
Magic:  6/18       EV: 15    Int:  7    God:    Trog [*****.]
Gold:   2667       SH: 18    Dex:  8    Spells: 18/18 levels left

rFire   + + +        a - +8 war axe (vamp)
rCold   + + +        z - +3 kite shield of Piykow {Fly rPois rF+ rCorr Dex-4}
rNeg    + + .        B - +4 skin of Zhor {*Englaciate rC+++ SInv}
rPois   +            v - +2 hood of the Assassin {Detect Stab+ Stlth++}
rElec   .            D - +2 cloak "Gopter" {Will+}
rCorr   +            y - +2 pair of gloves {Str+3}
SInv    +            G - +2 pair of boots {rampage}
Will    ++++.        E - amulet of Suiliown {Reflect *Slow rCorr Int+2 SH+5} Stlth
                     Z - ring of Democracy {rF++ rN+ Int-4 Slay+3}
HPRegen 1.65/turn    l - ring "Hesh" {rPois rN+ rCorr Int+3 Slay+2}
MPRegen 0.16/turn

%: slow self (1%), reflection, rampage
@: berserking (expiring), weakened, strong-willed, flying, regenerating,
studying Short Blades, very quick
A: horns 2, retaliatory headbutt, fangs 1, fire resistance 1
}: 1/15 runes: decaying
a: Renounce Religion, Berserk, Trog's Hand, Brothers in Arms


You were on level 2 of the Snake Pit.
You worshipped Trog.
Trog was extremely pleased with you.
You visited 6 branches of the dungeon, and saw 31 of its levels.
You also visited: Sewer, Gauntlet, Ice Cave, Volcano and Desolation.

You collected 3603 gold pieces.
You spent 936 gold pieces at shops.

Inventory:

Hand Weapons
 a - a +8 vampiric war axe (weapon)
   (You took it off an orc on level 6 of the Dungeon)
 b - the +3 greatsling "Punk" {acid, rCorr}
   (You took it off an imperial myrmidon in the Desolation of Salt)

   rCorr:     It protects you from acid and corrosion.
 H - a +4 broad axe of flaming
   (Trog gifted it to you on level 1 of the Snake Pit)
 V - a +2 heavy war axe
   (Trog gifted it to you on level 1 of the Elven Halls)
Missiles
 m - 17 boomerangs (quivered)
 q - 6 silver javelins
 Q - 5 curare-tipped darts
 R - 11 javelins
Armour
 o - the +5 chain mail "Touv Tant" {Regen+ Str+3}
   (You found it in the Desolation of Salt)

   Str+3:     It affects your strength (+3).
   Regen+:    It increases your rate of health regeneration.
 v - the +2 hood of the Assassin (worn) {Detect Stab+ Stlth++}
   (You acquired it on level 11 of the Dungeon)

   Detect:    It allows the wearer to sense nearby creatures.
   Stab+:     It allows the wearer to make particularly effective stabbing
   attacks against helpless or unaware enemies with any weapon.
   Stlth++:   It makes you much more stealthy.
 y - a +2 pair of gloves of strength (worn)
   (You found it in a Gauntlet)
 z - the +3 kite shield of Piykow (worn) {Fly rPois rF+ rCorr Dex-4}
   (You took it off an orc on level 11 of the Dungeon)

   Dex-4:     It affects your dexterity (-4).
   rF+:       It protects you from fire.
   rPois:     It protects you from poison Fly: It grants you flight.
   rCorr:     It protects you from acid and corrosion.
 B - the +4 skin of Zhor (worn) {*Englaciate rC+++ SInv}
   (You found it on level 7 of the Dungeon)

   *Englaciate: It radiates cold, occasionally slowing all nearby creatures who
   are not resistant to cold.
   rC+++:     It renders you almost immune to cold.
   SInv:      It lets you see invisible.
 C - the +3 gold dragon scales "Hetoqala" {^Drain rPois rF+ rC+ Will- rCorr Int+8}
   (You found it in the Desolation of Salt)

   Int+8:     It affects your intelligence (+8).
   rF+:       It protects you from fire.
   rC+:       It protects you from cold.
   rPois:     It protects you from poison Will-: It decreases your willpower.
   rCorr:     It protects you from acid and corrosion.
   ^Drain:    It drains your maximum health when unequipped.
 D - the +2 cloak "Gopter" (worn) {Will+}
   (You found it in a Gauntlet)

   Will+:     It increases your willpower.
 G - a +2 pair of boots of rampaging (worn)
   (You found it on level 2 of the Lair of Beasts)
Jewellery
 j - a ring of flight
   (You found it on level 2 of the Dungeon)
 l - the ring "Hesh" (right hand) {rPois rN+ rCorr Int+3 Slay+2}
   (You took it off a servant of whispers in the Desolation of Salt)

   [ring of positive energy]

   Int+3:     It affects your intelligence (+3).
   Slay+2:    It affects your accuracy & damage with ranged weapons and melee
   (+2).
   rPois:     It protects you from poison rN+: It protects you from negative
   energy.
   rCorr:     It protects you from acid and corrosion.
 E - the amulet of Suiliown (around neck) {Reflect *Slow rCorr Int+2 SH+5}
   (You found it on level 11 of the Dungeon)

   [amulet of reflection]

   Reflect:   It reflects blocked missile attacks.
   Int+2:     It affects your intelligence (+2).
   rCorr:     It protects you from acid and corrosion.
   *Slow:     It may slow you when you take damage.
   SH+5:      It affects your SH (+5).
 F - the ring "Uhefeone" {rElec rPois rF++ Will+ Str-2}
   (You took it off an orc knight on level 11 of the Dungeon)

   [ring of willpower]

   Str-2:     It affects your strength (-2).
   rF++:      It greatly protects you from fire.
   rElec:     It insulates you from electricity.
   rPois:     It protects you from poison Will+: It increases your willpower.
 J - the ring of Deluv {Dex+5 SInv}
   (You found it in the Desolation of Salt)

   [ring of see invisible]

   Dex+5:     It affects your dexterity (+5).
   SInv:      It lets you see invisible.
 N - the amulet of Vitality {RegenMP++ Regen++}
   (You took it off a deep elf sorcerer on level 3 of the Elven Halls)

   [amulet of magic regeneration]

   RegenMP:   It increases your rate of magic regeneration.
   Regen++:   It increases your rate of health regeneration.
 Z - the ring of Democracy (left hand) {rF++ rN+ Int-4 Slay+3}
   (You took it off a deep elf sorcerer on level 3 of the Elven Halls)

   [ring of positive energy]

   Int-4:     It affects your intelligence (-4).
   Slay+3:    It affects your accuracy & damage with ranged weapons and melee
   (+3).
   rF++:      It greatly protects you from fire.
   rN+:       It protects you from negative energy.
Wands
 d - a wand of iceblast (44)
   (You found it in a Gauntlet)
 f - a wand of flame (14)
   (You found it on level 3 of the Lair of Beasts)
 u - a wand of paralysis (21)
   (You found it on level 8 of the Dungeon)
 x - a wand of acid (3)
   (You found it on level 3 of the Elven Halls)
 P - a wand of mindburst (19)
   (You found it on level 4 of the Lair of Beasts)
Scrolls
 c - 6 scrolls of poison {!r}
 i - 18 scrolls of identify {@r1}
 k - 4 scrolls of revelation
 n - 2 scrolls of blinking
 p - 6 scrolls of immolation {!r}
 r - 5 scrolls of fear
 s - 7 scrolls of butterflies
 t - 8 scrolls of teleportation {@r4}
 w - 5 scrolls of fog
 I - 2 scrolls of noise {!r}
 Y - 2 scrolls of silence
Potions
 e - 6 potions of curing {@q1}
 g - a potion of haste {@q3}
 h - 6 potions of mutation {!q}
 A - 5 potions of attraction {!q}
 K - 3 potions of enlightenment
 L - 5 potions of cancellation
 S - a potion of might
 T - 2 potions of resistance
 U - 9 potions of heal wounds {@q2}
 X - 3 potions of lignification {!q}
Miscellaneous
 M - a condenser vane
   (You found it on level 11 of the Dungeon)
 O - a sack of spiders
   (You found it on level 11 of the Dungeon)
 W - a phantom mirror
   (You found it in a Gauntlet)


   Skills:
 + Level 18.5 Fighting
 + Level 20.2 Axes
 - Level 14.0 Ranged Weapons
 - Level 10.0 Throwing
 - Level 8.1 Armour
 + Level 13.8 Dodging
 + Level 10.5 Stealth
 - Level 11.1 Shields
 + Level 11.2 Evocations


You had 18 spell levels left.
You didn't know any spells.
Your spell library was empty.

Dungeon Overview and Level Annotations

Branches:
Dungeon (15/15) Zot: 26124  Temple (0/1) D:6            Lair (5/5) D:9 Zot: 24244
  Swamp (4/4) Lair:3 Zot: 22614   Snake (2/4) Lair:2 Zot: 11196   Slime (0/5) Lair:4
    Orc (2/2) D:11 Zot: 10381     Elf (3/3) Orc:2 Zot: 11190  Vaults (0/5) D:14
 Depths (0/4) D:15          Sewer (visited)           IceCv (visited)
Volcano (visited)         Desolation (visited)      Gauntlet (visited)

Altars:
Ashenzari
Fedhas
Hepliaklqana
Kikubaaqudgha
Makhleb
Nemelex Xobeh
Ru
Vehumet
Xom
Beogh
Jiyva
Lugonu

Shops:
D:10 ?   D:11 [   Orc:2 (**[   Elf:1 ?   Elf:3 ?*[   Snake:1 (

Portals:
Abyss: Lair:5

Annotations:
Snake:2 Jeulolik's ghost, adept MiCK
Elf:2 3 runed translucent doors


Innate Abilities, Weirdness & Mutations

You have a pair of horns on your head.
You reflexively headbutt those who attack you in melee.
You have very sharp teeth.
Your flesh is heat resistant. (rF+)


Message History

Your headbutt misses Jeulolik's ghost.
You feel sick.
You block the +2 halberd of chaos's attack.
Unknown command.
You slash Jeulolik's ghost!
The +2 halberd of chaos closely misses you.
Jeulolik's ghost hits you!!
* * * LOW HITPOINT WARNING * * *
You miss Jeulolik's ghost.
You headbutt Jeulolik's ghost, but do no damage.
You bite Jeulolik's ghost, but do no damage.
You feel sick.
The +2 halberd of chaos hits you from afar!
* * * LOW HITPOINT WARNING * * *
You feel as though you will be weak longer.
You slash Jeulolik's ghost!
You feel sick. You block Jeulolik's ghost's attack.
The +2 halberd of chaos hits you from afar!
* * * LOW HITPOINT WARNING * * *
You closely miss Jeulolik's ghost. Your headbutt misses Jeulolik's ghost.
Unknown command.
You hit Jeulolik's ghost.
You feel sick.
You block the +2 halberd of chaos's attack.
Unknown command.
You slice Jeulolik's ghost!! You headbutt Jeulolik's ghost!
Your bite misses Jeulolik's ghost.
You block the +2 halberd of chaos's attack.
You block Jeulolik's ghost's attack.
Unknown command.
You hit Jeulolik's ghost but do no damage.
You headbutt Jeulolik's ghost, but do no damage.
You feel sick.
You are no longer poisoned.
The +2 halberd of chaos hits you from afar.
* * * LOW HITPOINT WARNING * * *
You slash Jeulolik's ghost! You closely miss Jeulolik's ghost.
Jeulolik's ghost is no longer moving slowly.
The +2 halberd of chaos barely misses you.
You miss Jeulolik's ghost. You block Jeulolik's ghost's attack.
The +2 halberd of chaos hits you from afar.
* * * LOW HITPOINT WARNING * * *
You hit Jeulolik's ghost but do no damage.
Your headbutt misses Jeulolik's ghost.
The +2 halberd of chaos hits you from afar!
* * * LOW HITPOINT WARNING * * *
You feel your power leaking away.
* * * LOW MAGIC WARNING * * *
You slice Jeulolik's ghost!!
You bite Jeulolik's ghost, but do no damage.
Jeulolik's ghost hits you!!
You die...

#######........###)####
................).)....
#####...#######....####
#...# #.#### # #...#
#.# # #...# #.# #
#..########.# # ..
.######..#)##.....# #
............@W_.#######
# .....####.#..#(## #
....####.#..###
####..........#
..........)...#
......(....)..#
..............#
.........)....#
.......)......#


You could see a +2 halberd of chaos and Jeulolik's ghost.

Vanquished Creatures
  Nikola (Swamp:4)
  4 deep elf blademasters (Elf:3)
  3 sphinxes
  A deep elf master archer (Elf:3)
  Gastronok (D:10)
  2 thorn hunters (Swamp:4)
  10 deep elf sorcerers
  Louise (D:14)
  2 imperial myrmidons (Desolation)
  7 deep elf elementalists (Elf:3)
  A ghoul (Swamp:1)
  3 very ugly things
  3 deep elf death magi
  6 bunyips
  2 eleionomae (Swamp:4)
  3 deep elf demonologists
  A dire elephant (D:15)
  3 deep elf annihilators (Elf:3)
  A minotaur (Gauntlet)
  3 halazid warlocks (Desolation)
  3 deep elf high priests (Elf:3)
  3 ragged hierophants (Desolation)
  A crystal guardian (Desolation)
  2 fire dragons (Elf:1)
  A great orb of eyes (D:15)
  Fannar (D:11)
  21 hydras
  7 servants of whispers
  Harold (D:10)
  2 catoblepae
  13 peacekeepers (Desolation)
  3 ogre magi
  A hell beast (Gauntlet)
  A vault guard (D:14)
  A caustic shrike simulacrum (IceCv)
  6 alligators
  A ghost crab (Swamp:1)
  12 two-headed ogres
  2 anacondas (Snake:1)
  4 centaur warriors
  6 boulder beetles
  19 dancing weapons
  3 death yaks (Lair:5)
  An orc high priest (Orc:1)
  2 tengu warriors
  A naga warrior (Snake:2)
  5 naga sharpshooters
  Urug (D:10)
  4 thrashing horrors (Lair:5)
  Nergalle (D:11)
  16 deep elf knights
  Sonja (D:11)
  A shock serpent (Snake:1)
  2 goliath frogs (Swamp:1)
  A skeletal warrior (D:11)
  2 deep trolls (Orc:2)
  A mana viper (Snake:2)
  2 naga ritualists
  6 bog bodies
  A phantasmal warrior (D:14)
  11 swamp dragons
  13 deep elf archers
  21 deep elf pyromancers
  2 lindwurms (Volcano)
  2 harpies (Elf:1)
  2 orange crystal statues (IceCv)
  25 deep elf zephyrmancers
  6 ironbound convokers (Desolation)
  5 orc knights
  An orc sorcerer (Orc:1)
  12 ugly things
  8 cyclopes
  A will-o-the-wisp (Lair:3)
  An oklob plant (Lair:2)
  6 manticores
  The ghost of pigah the Poker, a novice OnCA of Ignis (D:5)
  11 elephants
  3 salamanders
  3 large abominations (Lair:5)
  A kobold blastminer (Orc:2)
  12 black mambas
  A torpor snail (Lair:1)
  7 guardian serpents (Desolation)
  A naga mage (Snake:2)
  A cane toad (shapeshifter) (D:15)
  4 molten gargoyles
  A gargoyle (D:11)
  A smoke demon (Lair:5)
  11 cane toads
  10 komodo dragons
  An unseen horror (D:11)
  5 freezing wraiths
  Maggie (Lair:2)
  An unseen horror (shapeshifter) (D:11)
  A yaktaur (shapeshifter) (Elf:3)
  7 efreet
  3 tengu conjurers
  An anaconda simulacrum (IceCv)
  2 yaktaurs (D:14)
  13 rime drakes
  11 trolls
  A queen bee (shapeshifter) (Elf:1)
  4 tyrant leeches
  3 bloated husks
  2 hornets
  56 saltlings
  A hornet (shapeshifter) (Lair:5)
  2 alligator simulacra (IceCv)
  A raiju (shapeshifter) (D:15)
  13 blink frogs
  2 raiju (Lair:5)
  27 slime creatures
  4 air elementals
  4 wraiths
  A shadow (D:10)
  11 small abominations (Lair:5)
  2 spriggans
  2 water elementals
  10 wyverns
  65 yaks
  A vampire (D:11)
  3 ynoxinuls (Lair:5)
  8 fire elementals
  2 wargs
  A steam dragon (D:9)
  7 vampire mosquitoes
  10 basilisks
  9 swamp worms
  2 harpy simulacra (IceCv)
  4 hydra simulacra (IceCv)
  An acid dragon (D:7)
  11 nagas
  14 water moccasins
  9 hell hounds
  7 swamp drakes
  An ice beast (D:7)
  Duvessa (D:7)
  20 orc warriors
  A black bear (Lair:3)
  A laughing skull (D:14)
  24 ogres
  6 wolves (Lair:2)
  8 centaurs
  A phantom (D:5)
  2 kobold brigands
  8 bullfrogs
  2 gnoll sergeants
  2 scorpions (D:5)
  2 brain worms (Sewer)
  4 earth elementals
  8 wights
  Dowan (D:7)
  14 killer bees
  6 lindwurm simulacra (IceCv)
  4 jellies
  6 howler monkeys
  3 bombardier beetles (D:6)
  3 hounds
  4 gnoll boudas
  22 orc priests
  A sleepcap (D:4)
  2 iguanas (D:7)
  4 hell rats
  12 orc wizards
  Natasha (twice) (D:4)
  29 gnolls
  5 adders
  A river rat (Sewer)
  A white imp (D:8)
  4 ufetubi
  2 dart slugs
  73 orcs
  9 endoplasms
  3 giant cockroaches
  8 hobgoblins
  2 quokkas (D:2)
  11 ball pythons
  4 bats
  8 frilled lizards
  10 goblins
  15 kobolds
  19 rats
1129 creatures vanquished.

Vanquished Creatures (collateral kills)
  The ghost of Posi the Severer, a journeyman MDFi of Beogh (D:11)
  An orc warrior (D:11)
  Robin (D:2)
  An orc (D:11)
  A goblin (D:2)
  8 rats (D:2)
13 creatures vanquished.

Vanquished Creatures (others)
  A harpy (shapeshifter) (Lair:5)
  A water elemental (Elf:2)
  A swamp worm (Swamp:4)
  A goblin (D:2)
  3 rats (D:2)
  8 foxfires (Lair:3)
15 creatures vanquished.

Grand Total: 1157 creatures vanquished

Notes
Turn   | Place    | Note
-------+----------+-------------------------------------------
     0 | D:1      | Pooter the Minotaur Berserker began the quest for the Orb.
     0 | D:1      | Reached XP level 1. HP: 19/19 MP: 0/0
   112 | D:1      | Reached XP level 2. HP: 25/27 MP: 1/1
   197 | D:1      | Reached skill level 4 in Axes
   218 | D:1      | Found a faded altar of an unknown god.
   667 | D:2      | Reached XP level 3. HP: 33/33 MP: 2/2
   794 | D:2      | Found an ancient bone altar of Kikubaaqudgha.
   827 | D:2      | Noticed Robin
   836 | D:2      | Killed Robin
   837 | D:2      | Reached skill level 1 in Throwing
   837 | D:2      | Reached skill level 1 in Stealth
   839 | D:2      | Reached skill level 1 in Evocations
  1122 | D:2      | Reached XP level 4. HP: 35/40 MP: 3/3
  1123 | D:2      | Reached ** piety under Trog
  1139 | D:2      | Reached skill level 1 in Ranged Weapons
  1859 | D:3      | Reached skill level 5 in Axes
  1947 | D:3      | Reached XP level 5. HP: 41/47 MP: 4/4
  1948 | D:3      | Found a glowing drain.
  1957 | Sewer    | Entered a sewer
  2699 | Sewer    | Reached XP level 6. HP: 37/55 MP: 2/5
  3085 | D:3      | Reached skill level 6 in Axes
  3446 | D:3      | Reached skill level 5 in Fighting
  3604 | D:4      | Gained mutation: Your flesh is heat resistant. (rF+)
                  | [potion of mutation]
  3604 | D:4      | Gained mutation: You have very sharp teeth. [potion of
                  | mutation]
  4126 | D:4      | Noticed Natasha
  4140 | D:4      | Killed Natasha
  4334 | D:4      | Noticed Natasha
  4342 | D:4      | Killed Natasha
  4456 | D:5      | Entered Level 5 of the Dungeon
  4534 | D:5      | Reached XP level 7. HP: 61/61 MP: 6/6
  4539 | D:5      | Reached skill level 7 in Axes
  4811 | D:5      | Found a runed translucent door.
  4811 | D:5      | Noticed pigah's ghost (novice OnCA)
  4836 | D:5      | Killed pigah's ghost
  4837 | D:5      | Reached skill level 8 in Axes
  4837 | D:5      | Reached skill level 5 in Ranged Weapons
  4837 | D:5      | Reached XP level 8. HP: 70/70 MP: 7/7
  5760 | D:6      | Reached *** piety under Trog
  5845 | D:6      | Found a staircase to the Ecumenical Temple.
  6100 | D:6      | Reached skill level 9 in Axes
  6971 | D:6      | Found a burning altar of Makhleb.
  6973 | D:6      | Found a sacrificial altar of Ru.
  7275 | D:7      | Found a sparkling altar of Nemelex Xobeh.
  7281 | D:7      | Reached XP level 9. HP: 79/79 MP: 8/8
  7322 | D:7      | Found a blossoming altar of Fedhas.
  7545 | D:7      | Reached skill level 10 in Axes
  7624 | D:7      | Noticed Duvessa
  7635 | D:7      | Killed Duvessa
  7636 | D:7      | Reached skill level 1 in Shields
  8371 | D:7      | Found a broken altar of Ashenzari.
  8373 | D:7      | Noticed Dowan
  8376 | D:7      | Killed Dowan
  8443 | D:7      | Found the +4 skin of Zhor {*Englaciate rC+++ SInv}
  8446 | D:7      | Noticed a rime drake
  8622 | D:7      | Killed a rime drake
  8823 | D:8      | Identified the +0 robe of Codud {rElec rC+ Will+ Stlth+}
  9003 | D:8      | Found a shimmering altar of Xom.
  9388 | D:8      | Reached skill level 11 in Axes
  9613 | D:8      | Reached XP level 10. HP: 87/88 MP: 9/9
 10243 | D:9      | Reached skill level 5 in Armour
 10248 | D:9      | Reached **** piety under Trog
 10356 | D:9      | Noticed a two-headed ogre
 10370 | D:9      | Killed a two-headed ogre
 10371 | D:9      | Reached skill level 12 in Axes
 10371 | D:9      | Reached skill level 10 in Ranged Weapons
 10483 | D:9      | Found a staircase to the Lair.
 10655 | D:9      | Reached skill level 5 in Shields
 10854 | D:10     | Entered Level 10 of the Dungeon
 11037 | D:10     | Noticed Urug
 11049 | D:10     | Killed Urug
 11050 | D:10     | Reached XP level 11. HP: 97/97 MP: 10/10
 11182 | D:10     | Found Wavueti's Magic Scroll Shoppe.
 11190 | D:10     | Bought a scroll of identify for 26 gold pieces
 11190 | D:10     | Bought a scroll of identify for 26 gold pieces
 11190 | D:10     | Bought a scroll of noise for 13 gold pieces
 11190 | D:10     | Bought a scroll of identify for 26 gold pieces
 11190 | D:10     | Bought 3 scrolls of identify for 78 gold pieces
 11200 | D:10     | Noticed Harold
 11212 | D:10     | Killed Harold
 11266 | D:10     | Noticed Gastronok
 11279 | D:10     | Killed Gastronok
 11577 | D:10     | Reached skill level 13 in Axes
 12159 | Lair:1   | Entered Level 1 of the Lair of Beasts
 12200 | Lair:1   | Noticed a catoblepas
 12222 | Lair:1   | Killed a catoblepas
 12253 | Lair:1   | Reached skill level 10 in Fighting
 12316 | Lair:1   | Found a dark tunnel.
 12325 | Volcano  | Entered a volcano
 12372 | Volcano  | Noticed a lindwurm
 12372 | Volcano  | Noticed a lindwurm
 12465 | Volcano  | Killed a lindwurm
 12467 | Volcano  | Killed a lindwurm
 12468 | Volcano  | Reached XP level 12. HP: 107/107 MP: 11/11
 12653 | Volcano  | Reached skill level 14 in Axes
 13649 | Lair:2   | Noticed Maggie
 13659 | Lair:2   | Killed Maggie
 13893 | Lair:2   | Found a shimmering altar of Xom.
 14163 | Lair:2   | Found a transporter.
 14164 | Lair:2   | Found a transporter.
 14166 | Lair:2   | Noticed a boulder beetle
 14326 | Lair:2   | Found a staircase to the Snake Pit.
 14336 | Lair:2   | Reached skill level 15 in Axes
 14703 | Lair:2   | Killed a boulder beetle
 14850 | Lair:3   | Reached XP level 13. HP: 116/116 MP: 12/12
 14861 | Lair:3   | Found a gate leading to a gauntlet.
 14873 | Gauntlet | Entered a Gauntlet
 14873 | Gauntlet | Found a runed translucent door.
 14873 | Gauntlet | Found a transporter.
 14873 | Gauntlet | Found a runed translucent door.
 14873 | Gauntlet | Found a transporter.
 14885 | Gauntlet | Found a transporter.
 14935 | Gauntlet | Found a transporter.
 14959 | Gauntlet | Found a transporter.
 14959 | Gauntlet | Found a transporter.
 14969 | Gauntlet | Found a transporter.
 14981 | Gauntlet | Found a transporter.
 14981 | Gauntlet | Found a transporter.
 15159 | Gauntlet | Found a transporter.
 15178 | Gauntlet | Found a runed translucent gate.
 15179 | Gauntlet | Found a transporter.
 15183 | Gauntlet | Found a runed translucent gate.
 15184 | Gauntlet | Found a runed translucent gate.
 15203 | Gauntlet | Found a transporter.
 15362 | Gauntlet | Identified the +2 cloak "Gopter" {Will+}
 15378 | Gauntlet | Found a transporter.
 15388 | Gauntlet | Noticed a minotaur
 15399 | Gauntlet | Killed a minotaur
 15641 | Lair:3   | Identified a scroll of acquirement
 15642 | Lair:3   | Acquired the +0 hat "Ywuucz Gucva" {rPois Stlth+}
 16154 | Lair:3   | Found a staircase to the Swamp.
 17031 | Lair:4   | Found a viscous altar of Jiyva.
 17031 | Lair:4   | Found a staircase to the Slime Pits.
 17450 | Lair:5   | Entered Level 5 of the Lair of Beasts
 17700 | Lair:5   | Reached skill level 16 in Axes
 17951 | Lair:5   | Reached skill level 5 in Throwing
 18037 | Lair:5   | Reached XP level 14. HP: 127/127 MP: 13/13
 18403 | Lair:5   | Found a corrupted altar of Lugonu.
 18403 | Lair:5   | Found a one-way gate to the infinite horrors of the Abyss.
 19131 | D:11     | Noticed Nergalle
 19144 | D:11     | Killed Nergalle
 19145 | D:11     | Reached skill level 5 in Evocations
 19331 | D:11     | Identified the ring of Benevolence {Ice rPois Int-2 Dex+4}
 19336 | D:11     | Reached skill level 5 in Stealth
 19338 | D:11     | Identified the ring "Uhefeone" {rElec rPois rF++ Will+
                  | Str-2}
 19354 | D:11     | Found Lopn's Armour Shoppe.
 19354 | D:11     | Found a staircase to the Orcish Mines.
 19354 | D:11     | Found a runed translucent gate.
 19354 | D:11     | Noticed Fannar
 19369 | D:11     | Killed Fannar
 19445 | D:11     | Identified the +5 chain mail "Extunn" {rN+ Int+5}
 19455 | Orc:1    | Entered Level 1 of the Orcish Mines
 19501 | Orc:1    | Found a roughly hewn altar of Beogh.
 20128 | Orc:1    | Found a roughly hewn altar of Beogh.
 20137 | Orc:1    | Reached skill level 5 in Dodging
 20230 | Orc:1    | Found a roughly hewn altar of Beogh.
 20393 | Orc:2    | Entered Level 2 of the Orcish Mines
 20463 | Orc:2    | Reached ***** piety under Trog
 20581 | Orc:2    | Found a roughly hewn altar of Beogh.
 20631 | Orc:2    | Found a staircase to the Elven Halls.
 20709 | Orc:2    | Found Lunoxy's General Store.
 20723 | Orc:2    | Found Budocom's Antique Armour Emporium.
 20726 | Orc:2    | Found Rideif's Weapon Boutique.
 20729 | Orc:2    | Found Sawkuosh's General Store.
 20813 | Orc:2    | Bought a scroll of enchant weapon for 127 gold pieces
 20813 | Orc:2    | Bought a +0 broad axe for 68 gold pieces
 20828 | Orc:2    | Bought 2 potions of heal wounds for 130 gold pieces
 20828 | Orc:2    | Bought a scroll of silence for 123 gold pieces
 21068 | D:11     | Found a runed translucent gate.
 21069 | D:11     | Found a runed translucent gate.
 21071 | D:11     | Noticed Posi's ghost (journeyman MDFi)
 21075 | D:11     | Noticed Sonja
 21083 | D:11     | Killed Sonja
 21172 | D:11     | Reached XP level 15. HP: 136/136 MP: 14/14
 21283 | D:11     | Acquired the +2 hood of the Assassin {Detect Stab+ Stlth++}
 21283 | D:11     | Found the +2 hood of the Assassin {Detect Stab+ Stlth++}
 21304 | D:11     | Identified the amulet of Suiliown {Reflect *Slow rCorr
                  | Int+2 SH+5}
 21515 | D:11     | Found a roughly hewn altar of Beogh.
 21515 | D:11     | Identified the +3 kite shield of Piykow {Fly rPois rF+
                  | rCorr Dex-4}
 21546 | D:11     | Killed Posi's ghost
 23281 | D:14     | Noticed Louise
 23301 | D:14     | Killed Louise
 23562 | D:14     | Found a hazy altar of Hepliaklqana.
 24151 | D:14     | Found a gate to the Vaults.
 24265 | D:14     | Noticed a sphinx
 24276 | D:14     | Killed a sphinx
 24697 | D:14     | Received a gift from Trog
 24835 | D:15     | Entered Level 15 of the Dungeon
 24983 | D:15     | Found a staircase to the Depths.
 25026 | D:15     | Reached XP level 16. HP: 127/147 MP: 15/15
 25204 | D:15     | Identified the +3 leather armour of Uskayaw's Indignation
                  | {Will+ Str+3 Dex-3 Slay+2 Stlth+}
 25659 | Elf:1    | Entered Level 1 of the Elven Halls
 25799 | Elf:1    | Received a gift from Trog
 25807 | Elf:1    | Reached skill level 17 in Axes
 25883 | Elf:1    | Found Pitumpy's Magic Scroll Boutique.
 25889 | Elf:1    | Bought a scroll of enchant weapon for 135 gold pieces
 25947 | Elf:1    | Found a radiant altar of Vehumet.
 25989 | Elf:1    | Identified the +2 ring mail "Ujostea" {Harm Regen+ Dex+2}
 26001 | Elf:1    | Reached skill level 15 in Fighting
 26575 | Elf:1    | Noticed a sphinx
 26584 | Elf:1    | Killed a sphinx
 26620 | Elf:1    | Noticed a sphinx
 26631 | Elf:1    | Killed a sphinx
 27001 | Elf:1    | Reached skill level 10 in Throwing
 27201 | Elf:2    | Found a crumbling gateway.
 27247 | Desolati | Entered the Desolation of Salt
 27254 | Desolati | Reached skill level 10 in Dodging
 27784 | Desolati | Upgraded the game from 0.32-a0-361-g289a535e89 to
                  | 0.32-a0-391-gce5c0aab1b
 28009 | Desolati | Reached XP level 17. HP: 116/158 MP: 16/16
 29198 | Desolati | Reached skill level 18 in Axes
 29465 | Desolati | Identified the ring "Hesh" {rPois rN+ rCorr Int+3 Slay+2}
 29478 | Desolati | Identified the ring "Teih" {+Blink rF+ Will- MP+9}
 29575 | Desolati | Reached skill level 10 in Evocations
 31175 | Desolati | Identified the +3 gold dragon scales "Hetoqala" {^Drain
                  | rPois rF+ rC+ Will- rCorr Int+8}
 31268 | Desolati | Identified the ring of Deluv {Dex+5 SInv}
 31573 | Desolati | Identified the +5 chain mail "Touv Tant" {Regen+ Str+3}
 31581 | Desolati | Identified the +4 rapier "Transmigrator" {venom, rCorr}
 32071 | Elf:2    | Paralysed by an air elemental for 1 turns
 32252 | Elf:2    | Found a runed translucent gate.
 32252 | Elf:2    | Found a runed translucent gate.
 32253 | Elf:2    | Found a runed translucent gate.
 32308 | Elf:3    | Entered Level 3 of the Elven Halls
 32320 | Elf:3    | Reached ****** piety under Trog
 32543 | Elf:3    | Received a gift from Trog
 33134 | Elf:3    | Found Juke's General Store.
 33135 | Elf:3    | Found Bifun's Armour Emporium.
 33135 | Elf:3    | Found Ticzedatixt's Jewellery Shoppe.
 33138 | Elf:3    | Found Qagoq Nak's Magic Scroll Shoppe.
 33140 | Elf:3    | Bought a potion of might for 80 gold pieces
 33148 | Elf:3    | Bought 2 scrolls of immolation for 104 gold pieces
 33493 | Elf:3    | Reached skill level 10 in Shields
 33643 | Elf:3    | Reached skill level 19 in Axes
 33675 | Elf:3    | Reached XP level 18. HP: 170/170 MP: 17/17
 33708 | Elf:3    | Noticed an Ice Fiend
 34908 | Elf:3    | Identified the ring of Kusunk {Will+ EV+5}
 35691 | Elf:3    | Noticed a Hell Sentinel
 36506 | Elf:3    | Identified the +2 war axe "Dikap" {freeze, +Blink rN+ Str+3
                  | Int-5}
 36506 | Elf:3    | Identified the ring of Democracy {rF++ rN+ Int-4 Slay+3}
 37306 | Swamp:1  | Entered Level 1 of the Swamp
 37938 | Swamp:2  | Found a glacial archway.
 37947 | IceCv    | Entered an ice cave
 38230 | IceCv    | Identified the +4 falchion of the Final Decision {drain,
                  | Will+ MP+9 Dex+3}
 38482 | Swamp:4  | Entered Level 4 of the Swamp
 38497 | Swamp:4  | Noticed Nikola
 38547 | Swamp:4  | Killed Nikola
 38724 | Swamp:4  | Reached skill level 10 in Stealth
 38726 | Swamp:4  | Identified the +1 scale mail of Qazlal's Whim {rPois rN+
                  | Dex-3}
 38911 | Swamp:4  | Reached XP level 19. HP: 179/179 MP: 18/18
 38961 | Swamp:4  | Reached skill level 20 in Axes
 38985 | Swamp:4  | Acquired a +1 hand cannon of freezing
 39016 | Swamp:4  | Got a mossy gem with 493 turns to spare
 39019 | Swamp:4  | Got a decaying rune of Zot
 39154 | Snake:1  | Entered Level 1 of the Snake Pit
 39177 | Snake:1  | Received a gift from Trog
 39555 | Snake:1  | Found Ozyos's Weapon Emporium.
 39957 | Snake:2  | Found a runed translucent door.
 39959 | Snake:2  | Found a shimmering altar of Xom.
 39959 | Snake:2  | Noticed Jeulolik's ghost (adept MiCK)
 40069 | Snake:2  | Slain by Jeulolik's ghost

Illustrated notes

Levels and vault maps discovered:
D:1:      psy_arrival_dodecagon, layout_basic,
          hellmonk_ecumenical_altar_inner_sanctum
D:2:      layout_basic, basic_altar, minmay_rat_hole, uniq_robin
D:3:      layout_basic, portal_sewer_entry_d
D:4:      layout_basic, uniq_natasha
D:5:      layout_basic, hellmonk_ghost_happy_afterlife, nicolae_eternal_life
D:6:      layout_rooms, mainiacjoe_overflow_big_doors, temple_fountains,
          hangedman_decor_riveting, minivault_11, lemuel_flame_loot_1
D:7:      layout_gridville, nicolae_ashenzari_skybound, jmf_multi_god_temple,
          minmay_misc_feat_x, hellmonk_guarded_unrand_zhor, uniq_duvessa
D:8:      layout_basic, mainiacjoe_overflow_cross_hatched
D:9:      layout_cave_pools, david_lair_shrubbed
D:10:     layout_basic, serial_shops, shop, uniq_gastronok, uniq_urug,
          uniq_harold
D:11:     minmay_the_grid_triangle_9x9_recursive_2_mashed
          [minmay_the_grid_triangle_9x9_prize_center,
          minmay_the_grid_triangle_9x9_stretched_checkered,
          minmay_the_grid_triangle_9x9_corruption,
          minmay_the_grid_triangle_9x9_sparse_checkered], layout_rooms,
          orc_david_3, biasface_ghost_orc_armoury, uniq_sonja, uniq_fannar,
          uniq_nergalle
D:12:     layout_loops_ring
D:13:     layout_grid_maze
D:14:     nzn_winding_woodlands_small [nzn_winding_woodlands_5x15_zeroes,
          nzn_winding_woodlands_center_garden,
          nzn_winding_woodlands_5x15_cabin], layout_small_grid, erik_vaults_1,
          nicolae_hepliaklqana_hippocampus, uniq_louise
D:15:     hangedman_depths_entry_try_elsewhere_first, layout_layer_cave,
          special_room [special_room_mythical_zoo], serial_bayou_lagoon_a
Lair:1:   layout_regular_city, nicolae_volcano_entry_two_sided,
          serial_bayou_shore_a, grunt_megastairs_2
Lair:2:   gammafunk_boulding_lane, layout_regular_city,
          alex1729_snake_entry_snake, lemuel_oklob_altar,
          infiniplex_staircase_pool, uniq_maggie
Lair:3:   layout_layer_cave, minmay_swamp_entry_wisps, gauntlet_entry_generic
Lair:4:   layout_cave_pods, slime_entry_1
Lair:5:   hellmonk_lair_end_abyssal_woods, layout_loops_ring
Swamp:1:  layout_basic_swamp, evilmike_swamp_ruin_rubble_1, swamp_pool_1_2
Swamp:2:  nicolae_swamp_wrong_neighborhood, layout_basic_swamp,
          portal_ice_cave_entry_ugly_swarm, evilmike_swamp_ruin_house_1,
          swamp_pool_1_2, nicolae_swamp_soggy_hallways
Swamp:3:  layout_falls_marsh, nicolae_swamp_rocky_clearing, swamp_pool_1_2
Swamp:4:  swamp_basic_johnstein, layout_basic_swamp, uniq_nikola
Snake:1:  layout_cave_shapes, serial_shops, nicolae_shop_advertising_works
          [nicolae_subvault_shop_adworks], grunt_megastairs_3
Snake:2:  layout_basic, ebering_ghost_xom
Orc:1:    layout_caves, basic_altar, special_room [special_room_orc],
          minmay_orc_temple_a
Orc:2:    st_orc_open, layout_diamond_mine, basic_altar
Elf:1:    eino_elf_arrival_customs, layout_gridlike, basic_altar, special_room
          [special_room_mythical_zoo], serial_shops,
          nicolae_shop_tiny_statue_garden, hangedman_elven_crosses_minicolossus
Elf:2:    nicolae_elf_blades_splatter_lattice
          [nicolae_blade_entry_area_security], layout_loops_ring,
          portal_desolation_entry_salt, nicolae_elf_m_pinch
Elf:3:    minmay_elf_hall_quartered_circle, layout_onion_city, minmay_shoptagon

Skill      XL: |  1  2  3  4  5  6  7  8  9 10 11 12 13 14 15 16 17 18 19 |
---------------+----------------------------------------------------------+-----
Axes           | 4 5 6 8 9 11 12 13 15 16 17 19 20 | 20.2
Fighting       | 4 5 6 7 8 9 10 11 12 13 14 15 17 18 | 18.5
Throwing       | 1 3 5 7 8 10 | 10.0
Stealth        | 1 3 7 8 10 | 10.5
Evocations     | 1 2 4 6 7 9 10 11 | 11.2
Ranged Weapons | 1 3 4 5 7 9 10 12 13 14 | 14.0
Shields        | 3 5 6 8 9 10 11 | 11.1
Armour         | 4 5 7 8 |  8.1
Dodging        | 3 6 8 10 12 13 | 13.8

Action                     |  1- 3 |  4- 6 |  7- 9 | 10-12 | 13-15 | 16-18 | 19-21 || total
---------------------------+-------+-------+-------+-------+-------+-------+-------++-------
  Melee: Hand axe          |    51 |   106 |       |       |       |       |       ||   157
         Headbutt          |     6 |    16 |    35 |   123 |   269 |   212 |    30 ||   691
         Trident           |       |     1 |   103 |       |       |       |       ||   104
         Bite              |       |     1 |    28 |    70 |   156 |   102 |    13 ||   370
         War axe           |       |       |   133 |   480 |  1059 |   822 |   107 ||  2601
   Fire: Sling             |       |   123 |    56 |    55 |   106 |    33 |       ||   373
         Greatsling        |       |       |       |       |       |   752 |    62 ||   814
  Throw: Dart              |       |     3 |       |     4 |    33 |       |       ||    40
         Stone             |       |       |     5 |       |       |       |       ||     5
         Javelin           |       |       |       |       |     6 |     1 |       ||     7
         Boomerang         |       |       |       |       |     5 |    86 |       ||    91
 Invoke: Berserk           |     1 |     3 |     8 |     9 |     9 |     7 |     1 ||    38
         Trog's Hand       |       |     1 |     3 |    12 |    33 |    40 |     4 ||    93
         Brothers in Arms  |       |       |       |       |     1 |       |     1 ||     2
  Evoke: Wand              |       |       |     5 |     5 |     1 |     3 |       ||    14
         Condenser vane    |       |       |       |       |       |     1 |       ||     1
    Use: Scroll            |       |     6 |    10 |    13 |    15 |     8 |     1 ||    53
         Potion            |       |     1 |       |     4 |     4 |     4 |     1 ||    14
   Stab: Invisible         |       |       |       |     4 |       |       |       ||     4
         Held in net/web   |       |       |       |     1 |       |       |       ||     1
         Petrifying        |       |       |       |     1 |       |       |       ||     1
         Paralysed         |       |       |       |     3 |     1 |     1 |       ||     5
         Sleeping          |       |       |       |       |    23 |    12 |     2 ||    37
         Distracted        |       |       |       |       |     2 |     2 |       ||     4
 Armour: Animal skin       |    19 |    63 |    18 |   224 |   360 |   517 |    60 ||  1261
         Ring mail         |       |    10 |    16 |       |       |       |       ||    26
         Chain mail        |       |       |   102 |       |       |       |       ||   102
         Scale mail        |       |       |    22 |       |       |       |       ||    22
  Dodge: Dodged            |    32 |    77 |    83 |   134 |   235 |   282 |    28 ||   871
  Block: Kite shield       |       |       |   144 |   311 |   578 |   635 |    81 ||  1749
         Reflection        |       |       |     8 |    14 |    17 |    69 |    10 ||   118

Table legend: (Time is in decaauts)
 A = Elapsed time spent in this place.
 B = Non-inter-level travel time spent in this place.
 C = Inter-level travel time spent in this place.
 D = Time resting spent in this place.
 E = Time spent auto-exploring this place.
 F = Levels seen in this place.
 G = Mean time per level.
                   A        B        C        D        E       F      G
               +--------+--------+--------+--------+--------+-----+--------+
         Total |  39533 |  38142 |   1391 |  13407 |  16307 |  36 | 1098.1 |
       Dungeon |  16227 |  15586 |    641 |   3675 |   8789 |  15 | 1081.8 |
          Lair |   5755 |   5464 |    291 |    433 |   3749 |   5 | 1151.0 |
         Swamp |   1385 |   1324 |     61 |    289 |    503 |   4 |  346.2 |
     Snake Pit |    803 |    754 |     49 |    326 |    239 |   2 |  401.5 |
  Orcish Mines |   1618 |   1467 |    151 |    355 |    705 |   2 |  809.0 |
   Elven Halls |   6809 |   6613 |    196 |   3374 |   1562 |   3 | 2269.7 |
         Sewer |   1037 |   1037 |      0 |    652 |    261 |   1 | 1037.0 |
      Ice Cave |    312 |    312 |      0 |    174 |      8 |   1 |  312.0 |
       Volcano |    531 |    531 |      0 |    345 |      0 |   1 |  531.0 |
    Desolation |   4337 |   4337 |      0 |   3265 |    490 |   1 | 4337.0 |
      Gauntlet |    713 |    713 |      0 |    515 |      0 |   1 |  713.0 |
               +--------+--------+--------+--------+--------+-----+--------+

Top non-repeatable levels by time:
   Elf:3: 4371 daAuts
Desolation: 4337 daAuts
     D:7: 1795 daAuts
   Elf:1: 1534 daAuts
  Lair:5: 1475 daAuts
    D:14: 1446 daAuts
     D:6: 1425 daAuts
     D:8: 1392 daAuts
  Lair:2: 1235 daAuts
     D:2: 1231 daAuts
     D:5: 1218 daAuts
    D:10: 1179 daAuts
    D:13: 1143 daAuts
  Lair:3: 1132 daAuts
   Sewer: 1037 daAuts
